 Dungeon Crawl Stone Soup version 0.21.1-1-g345015f (webtiles) character file.

208 Labyrinth the Ducker (level 5, -3/38 HPs)
             Began as a Merfolk Transmuter on July 21, 2018.
             Killed from afar by an orc wizard (10 damage)
             ... with a magic dart
             ... on level 3 of the Dungeon.
             The game lasted 00:27:54 (3392 turns).

Labyrinth the Ducker (Merfolk Transmuter)           Turns: 3392, Time: 00:27:55

Health: -3/38      AC:  4    Str: 11    XL:     5   Next: 86%
Magic:  5/9        EV: 10    Int: 13    God:
Gold:   118        SH:  6    Dex: 14    Spells: 3/9 levels left

rFire    + . .     SeeInvis .   s - +0 trident
rCold    x . .     Gourm    .   A - +0 shield
rNeg     . . .     Faith    .   k - +0 leather armour
rPois    .         Spirit   .   (no helmet)
rElec    .         Reflect  .   (no cloak)
rCorr    .         Harm     .   e - +0 pair of gloves
MR       .....                  (no boots)
Stlth    ++........             (no amulet)
HPRegen  0.12/turn              n - ring of fire
MPRegen  0.11/turn              r - ring of stealth

@: very slightly contaminated
A: change form in water, swift swim, stealthy swim
a: no special abilities


You were on level 3 of the Dungeon.
You were not hungry.

You visited 1 branch of the dungeon, and saw 3 of its levels.

You collected 118 gold pieces.

Inventory:

Hand Weapons
 i - a +0 club
 q - a +0 dagger
 s - a +0 trident (weapon)
 t - a +0 spear
 w - a +0 dire flail
 x - a +0 mace
 z - a +0 war axe
Missiles
 a - 30 arrows
 f - 39 sling bullets
 g - 154 stones (quivered)
 h - 8 bolts
 y - 12 poisoned needles
Armour
 b - a +0 robe
 e - a +0 pair of gloves (worn)
 k - a +0 leather armour (worn)
 p - a +0 leather armour
 A - a +0 shield (worn)
Jewellery
 n - a ring of fire (left hand)
 r - a ring of stealth (right hand)
Wands
 v - a wand of digging (21)
Scrolls
 j - 3 scrolls of identify
 l - a scroll of magic mapping {unknown}
 m - a scroll of fog {unknown}
 o - 2 scrolls of remove curse
Books
 c - a book of Changes

   Spells                             Type                      Level
   a - Beastly Appendage              Transmutation                1
   b - Sticks to Snakes               Transmutation                2
   c - Spider Form                    Transmutation/Poison         3
   d - Ice Form                       Ice/Transmutation            4
   e - Blade Hands                    Transmutation                5
 B - a book of Cantrips

   Spells                             Type                      Level
   a - Confusing Touch                Hexes                        1
   b - Animate Skeleton               Necromancy                   1
   c - Summon Small Mammal            Summoning                    1
   d - Apportation                    Translocation                1
Comestibles
 d - 6 rations
 u - 2 chunks of flesh


   Skills:
 + Level 1.6 Fighting
 + Level 0.2 Maces & Flails
 + Level 3.2 Polearms
 + Level 0.4 Throwing
 + Level 1.0 Armour
 + Level 4.0 Dodging
 + Level 0.6 Stealth
 + Level 0.1 Shields
 + Level 3.8 Unarmed Combat
 + Level 2.8 Spellcasting
 + Level 3.6 Transmutations


You had 3 spell levels left.
You knew the following spells:

 Your Spells              Type           Power        Failure   Level  Hunger
a - Beastly Appendage     Tmut           ##....       43%         1    #......
b - Sticks to Snakes      Tmut           ##......     56%         2    ###....
c - Spider Form           Tmut/Pois      #.........   96%         3    ###....


Dungeon Overview and Level Annotations

Branches:
Dungeon (3/15)

Altars:


Message History

The orc barely misses you. Something hits you.
* * * LOW HITPOINT WARNING * * *
The orc hits you with a hand axe.
* * * LOW HITPOINT WARNING * * *
You aren't carrying any potions.
You're too confused!
You miss the orc.
The orc is lightly wounded.
Something hits you but does no damage. The orc hits you with a hand axe.
* * * LOW HITPOINT WARNING * * *
Something hits you.
* * * LOW HITPOINT WARNING * * *
You barely miss something.
You feel less confused. Something hits you but does no damage.
You block the orc's attack.
There is a stone staircase leading up here.
You hear some strange, mumbled words.
A magic dart appears from out of thin air!
The magic dart hits you!
You die...

##### #...# #######
#...########.....#
#......)..##.....#
######.........##.....#
#.....................#
......)........##.....#
#.....o#......##...).#
#.###.{@......##.....#
.. #..#.).....####.###
#.##.#.#.######.#
#.#..#.#.....##.#
##)..##.#####.##.#
#.#.(.##..# ..#.#
#.#.(....## #.#.#
#.#...#### #.#.# ##
#.#...# #.#.##


You could see an orc.

Vanquished Creatures
  The ghost of wistyy the Chopper, an amateur HOBe of Trog (D:3)
  An orc wizard (D:3)
  3 adders (D:2)
  An ooze (D:2)
  2 dart slugs
  A leopard gecko (D:2)
  6 orcs
  9 bats
  6 giant cockroaches
  5 goblins
  3 hobgoblins
  3 jackals (D:3)
  7 kobolds
  3 quokkas (D:2)
  3 ball pythons
  5 rats
59 creatures vanquished.

Vanquished Creatures (collateral kills)
  2 orcs (D:3)
  A hobgoblin (D:1)
  A jackal (D:3)
  A bat (D:2)
5 creatures vanquished.

Grand Total: 64 creatures vanquished

Notes
Turn   | Place    | Note
-------+----------+-------------------------------------------
     0 | D:1      | Labyrinth the Merfolk Transmuter began the quest for the Orb.
     0 | D:1      | Reached XP level 1. HP: 15/15 MP: 3/3
   169 | D:1      | Reached skill level 3 in Dodging
   234 | D:1      | Reached XP level 2. HP: 19/21 MP: 3/5
   458 | D:1      | Learned a level 2 spell: Sticks to Snakes
   640 | D:1      | Reached XP level 3. HP: 20/26 MP: 4/6
   658 | D:1      | Learned a level 3 spell: Spider Form
  1131 | D:2      | HP: 1/39 [poisoned by an adder]
  1710 | D:2      | Reached XP level 4. HP: 30/32 MP: 4/7
  2286 | D:2      | Reached skill level 1 in Polearms
  2854 | D:3      | Noticed wistyy's ghost (amateur HOBe)
  2880 | D:3      | Killed wistyy's ghost
  2880 | D:3      | Reached skill level 1 in Armour
  2880 | D:3      | Reached XP level 5. HP: 7/37 MP: 7/9
  3181 | D:3      | Reached skill level 4 in Dodging
  3392 | D:3      | Killed from afar by an orc wizard

Skill      XL: |  1  2  3  4  5 |
---------------+----------------+-----
Dodging        | 3 4 |  4.0
Transmutations | 3 |  3.6
Polearms       | 2 3 |  3.2
Armour         | 1 |  1.0
Fighting       | |  1.6
Maces & Flails | |  0.2
Throwing       | |  0.4
Stealth        | |  0.6
Shields        | |  0.1
Unarmed Combat | |  3.8
Spellcasting   | |  2.8

Action                   |  1- 3 |  4- 6 || total
-------------------------+-------+-------++-------
Melee: Club              |    67 |       ||    67
       Unarmed           |    10 |       ||    10
       Headbutt          |     5 |     7 ||    12
       Punch             |     2 |       ||     2
       Trident           |    25 |    92 ||   117
       Dagger            |    24 |       ||    24
Throw: Stone             |     2 |    13 ||    15
 Cast: Beastly Appendage |    16 |     8 ||    24
       Sticks to Snakes  |     4 |     9 ||    13
  Use: Scroll            |     2 |     1 ||     3
       Potion            |     2 |     3 ||     5
 Stab: Sleeping          |     3 |     3 ||     6
  Eat: Chunk             |     1 |     2 ||     3
       Ration            |     1 |     1 ||     2
Armor: Robe              |     4 |       ||     4
       Leather armour    |    57 |    11 ||    68
       Skin              |       |    16 ||    16
Dodge: Dodged            |   130 |    60 ||   190
Block: Shield            |       |    21 ||    21
